 Dungeon Crawl Stone Soup version 0.23.1 (webtiles) character file.

Game seed: 9828716610546056100

4580 wojtek the Cleaver (level 10, 0/86 HPs)
             Began as a Minotaur Fighter on Feb 18, 2019.
             Slain by an unseen horror (3 damage)
             ... on level 9 of the Dungeon on Mar 5, 2019.
             The game lasted 00:11:42 (9212 turns).

wojtek the Cleaver (Minotaur Fighter)               Turns: 9212, Time: 00:11:43

Health: 0/86       AC:  9    Str: 25    XL:     10   Next: 18%
Magic:  12/12      EV: 11    Int:  5    God:
Gold:   249        SH: 11    Dex:  9    Spells: 9/9 levels left

rFire    . . .     SeeInvis .   a - +0 war axe
rCold    + . .     Gourm    +   c - +0 shield
rNeg     . . .     Faith    .   b - +0 scale mail
rPois    .         Spirit   .   (helmet restricted)
rElec    .         Reflect  .   (no cloak)
rCorr    .         Harm     .   (no gloves)
MR       .....                  G - +0 pair of boots
Stlth    ..........             h - amulet of the gourmand
HPRegen  0.24/turn              D - ring of protection from cold
MPRegen  0.13/turn              e - ring of flight

@: no status effects
A: retaliatory headbutt, horns 2
a: Evoke Flight


You were on level 9 of the Dungeon.
You were completely stuffed.

You visited 2 branches of the dungeon, and saw 10 of its levels.
You also visited: Ossuary.

You collected 398 gold pieces.
You spent 149 gold pieces at shops.

Inventory:

Hand Weapons
 a - a +0 war axe (weapon)
Missiles
 N - 2 throwing nets (quivered)
Armour
 b - a +0 scale mail (worn)
 c - a +0 shield (worn)
 G - a +0 pair of boots (worn)
Jewellery
 e - a ring of flight (right hand)
 h - an amulet of the gourmand (around neck)
 D - a ring of protection from cold (left hand)
 F - an uncursed amulet of harm {unknown}
 O - an uncursed ring of protection from magic {unknown}
Wands
 u - a wand of random effects (18)
 y - a wand of scattershot (3)
Scrolls
 g - 9 scrolls of identify
 i - 4 scrolls of remove curse
 j - 12 scrolls of teleportation
 q - 3 scrolls of immolation {unknown}
 s - 3 scrolls of enchant weapon {unknown}
 t - 4 scrolls of magic mapping
 v - 3 scrolls of fear {unknown}
 w - 3 scrolls of enchant armour {unknown}
 z - 2 scrolls of amnesia {unknown}
 A - 4 scrolls of blinking {unknown}
 C - 2 scrolls of summoning {unknown}
 E - 2 scrolls of noise
 I - a scroll of vulnerability {unknown}
 L - a scroll of random uselessness {unknown}
 M - a scroll of fog {unknown}
Potions
 d - 2 potions of might
 k - 4 potions of heal wounds {unknown}
 l - 4 potions of curing
 m - a potion of cancellation {unknown}
 n - 4 potions of magic {unknown}
 o - a potion of resistance {unknown}
 p - 2 potions of lignification {unknown}
 r - 4 potions of degeneration {unknown}
 x - 5 potions of brilliance
 B - 3 potions of flight {unknown}
 H - a potion of mutation {unknown}
 J - a potion of agility {unknown}
 K - 2 potions of berserk rage {unknown}
Miscellaneous
 P - a lamp of fire
Comestibles
 f - 21 rations
 Q - 7 chunks of flesh


   Skills:
 + Level 7.5 Fighting
 + Level 10.1 Axes
 + Level 7.6 Armour
 + Level 5.8 Dodging
 + Level 7.7 Shields
 + Level 4.9 Evocations


You had 9 spell levels left.
You didn't know any spells.
Your spell library contained the following spells:

 Spells                   Type           Power        Failure   Level  Hunger
 Flame Tongue             Conj/Fire      #....        96%         1    ##.....
 Throw Flame              Conj/Fire      #.....       99%         2    ###....
 Conjure Flame            Conj/Fire      #.......     100%        3    ####...
 Inner Flame              Hex/Fire       #.......     100%        3    ####...
 Sticky Flame             Conj/Fire      #.......     100%        4    #####..
 Fireball                 Conj/Fire      #.........   100%        5    ######.


Dungeon Overview and Level Annotations

Branches:
Dungeon (9/15)             Temple (1/1) D:5
   Lair: D:8-11         Orc: D:9-12

Altars:
Ashenzari
Cheibriados
Dithmenos
Elyvilon
Fedhas
Gozag
Hepliaklqana
Kikubaaqudgha
Nemelex Xobeh
Okawaru
Qazlal
Ru
Sif Muna
Trog
Uskayaw
Vehumet
Wu Jian
Xom
Yredelemnul
Zin
The Shining One

Shops:
D:5 ??(:


Innate Abilities, Weirdness & Mutations

You reflexively headbutt those who attack you in melee.
You have a pair of horns on your head.


Message History

* * * LOW HITPOINT WARNING * * *
Your shield prevents you from hitting something.
Something hits you but does no damage. Something hits you.
* * * LOW HITPOINT WARNING * * *
You hit something. You block something's attack.
Something hits you but does no damage.
You closely miss something. Something hits you.
* * * LOW HITPOINT WARNING * * *
You swing at nothing.
Something hits you but does no damage.
You barely miss something. Your headbutt misses something. Something hits you.
* * * LOW HITPOINT WARNING * * *
You swing at nothing.
Something hits you but does no damage.
Your shield and scale mail prevent you from hitting something.
You block something's attack.
You swing at nothing.
Something hits you.
* * * LOW HITPOINT WARNING * * *
You swing at nothing.
Something hits you.
* * * LOW HITPOINT WARNING * * *
Something hits you.
You die...

#.......[.....#
##............##
##............#
###........###
###...÷####
##......##
###....##..## #
##..(.#####..#####
###@..### #.......
###...###
##.......
##...######
#........
###..####...#
#.......#
#...##......#
#.......#
#..##........#
#.......# #..#
#..†......#
#.......# ..#
#...........#
#...>.... .
#...........#
#........


There were no monsters in sight!

Vanquished Creatures
  A cyclops (D:8)
  A hippogriff (D:8)
  Sigmund (D:2)
  A spriggan (D:7)
  Menkaure (D:5)
  A water moccasin (D:8)
  A sky beast (D:7)
  A black bear (D:8)
  2 ice beasts
  5 ogres
  2 phantoms
  3 centaurs
  2 bullfrogs
  A scorpion (D:4)
  5 wights
  13 killer bees
  A howler monkey (D:5)
  A crimson imp (D:6)
  A jelly (D:5)
  5 orc priests
  3 hounds
  A gnoll shaman (D:7)
  A centaur skeleton (D:8)
  An iguana (D:8)
  6 orc wizards
  9 worker ants
  2 hound skeletons (D:8)
  12 mummies (Ossuary)
  A worker ant zombie (D:5)
  5 gnolls (D:7)
  12 adders
  2 shadow imps
  An ooze (D:3)
  An adder skeleton (D:8)
  2 adder zombies (D:5)
  4 worms
  7 leopard geckos
  26 orcs
  7 bats
  11 giant cockroaches
  11 goblins
  6 hobgoblins
  2 jackals (D:2)
  6 kobolds
  5 quokkas
  A ball python (D:1)
  8 frilled lizards
  5 gnoll skeletons (Ossuary)
  2 goblin skeletons (Ossuary)
  A jackal zombie (D:8)
  A leopard gecko skeleton (D:6)
  An orc skeleton (Ossuary)
  A quokka skeleton (D:9)
  10 rats
  11 rat skeletons (Ossuary)
234 creatures vanquished.

Notes
Turn   | Place    | Note
-------+----------+-------------------------------------------
     0 | D:1      | wojtek the Minotaur Fighter began the quest for the Orb.
     0 | D:1      | Reached XP level 1. HP: 19/19 MP: 0/0
    38 | D:1      | Reached skill level 3 in Axes
    80 | D:1      | Reached XP level 2. HP: 16/26 MP: 1/1
   463 | D:1      | Reached skill level 4 in Axes
   592 | D:1      | Reached XP level 3. HP: 31/31 MP: 2/2
  1046 | D:2      | Reached skill level 5 in Axes
  1310 | D:2      | Noticed Sigmund
  1313 | D:2      | Reached XP level 4. HP: 36/39 MP: 3/3
  1327 | D:2      | Killed Sigmund
  1327 | D:2      | Reached skill level 7 in Axes
  1327 | D:2      | Reached XP level 5. HP: 11/45 MP: 4/4
  2183 | D:3      | Found a faded altar of an unknown god.
  2428 | D:4      | Noticed a phantom
  2465 | D:4      | Killed a phantom
  2465 | D:4      | Reached XP level 6. HP: 33/52 MP: 5/5
  2581 | D:4      | Reached skill level 1 in Dodging
  2606 | D:4      | Reached skill level 1 in Evocations
  2825 | D:4      | Found an ancient bone altar of Kikubaaqudgha.
  3262 | D:4      | Reached XP level 7. HP: 55/59 MP: 7/7
  3318 | D:4      | Reached skill level 8 in Axes
  3510 | D:5      | Entered Level 5 of the Dungeon
  3998 | D:5      | Found a staircase to the Ecumenical Temple.
  4034 | D:5      | Found Lusuc's Book Shop.
  4049 | D:5      | Reached skill level 5 in Shields
  4049 | D:5      | Reached XP level 8. HP: 36/67 MP: 8/8
  4081 | Temple   | Entered the Ecumenical Temple
  4231 | D:5      | Found Vikloc's Antique Weapon Boutique.
  4332 | D:5      | Reached skill level 5 in Armour
  4373 | D:5      | Reached skill level 5 in Fighting
  4530 | D:5      | Noticed Menkaure
  4534 | D:5      | Killed Menkaure
  4608 | D:5      | Found Isilal's Magic Scroll Shoppe.
  4612 | D:5      | Bought a scroll of identify for 26 gold pieces
  4612 | D:5      | Bought a scroll of remove curse for 39 gold pieces
  4612 | D:5      | Bought a scroll of noise for 13 gold pieces
  4919 | D:5      | Found Giry's Magic Scroll Boutique.
  4923 | D:5      | Bought a scroll of teleportation for 33 gold pieces
  4923 | D:5      | Bought a scroll of magic mapping for 38 gold pieces
  5219 | D:6      | Upgraded the game from 0.23.0 to 0.23.1
  5338 | D:6      | Found a sacrificial altar of Ru.
  5347 | D:6      | Reached skill level 9 in Axes
  5412 | D:6      | Found a shadowy altar of Dithmenos.
  5912 | D:7      | Reached XP level 9. HP: 67/75 MP: 10/10
  5954 | D:7      | Found a sand-covered staircase.
  5960 | Ossuary  | Entered an ossuary
  7369 | D:7      | Reached skill level 5 in Dodging
  7758 | D:8      | HP: 3/79 [poisoned by a killer bee]
  8067 | D:8      | Found a stormy altar of Qazlal.
  8495 | D:8      | Reached XP level 10. HP: 77/86 MP: 12/12
  8635 | D:8      | Reached skill level 10 in Axes
  8999 | D:8      | Noticed a cyclops
  9010 | D:8      | Killed a cyclops
  9210 | D:9      | HP: 4/86 [something (5)]
  9212 | D:9      | Slain by an unseen horror

Skill      XL: |  1  2  3  4  5  6  7  8  9 10 |
---------------+-------------------------------+-----
Axes           | 3 4 5 7 8 9 10 | 10.1
Dodging        | 1 2 4 5 |  5.8
Fighting       | 4 5 7 |  7.5
Armour         | 4 6 7 |  7.6
Shields        | 4 5 6 7 |  7.7
Evocations     | 1 2 3 4 |  4.9

Action                   |  1- 3 |  4- 6 |  7- 9 | 10-12 || total
-------------------------+-------+-------+-------+-------++-------
Melee: War axe           |   106 |   107 |   436 |    50 ||   699
       Headbutt          |     9 |    18 |    77 |     8 ||   112
  Use: Potion            |       |       |     2 |       ||     2
  Eat: Chunk             |     1 |     7 |    25 |     3 ||    36
Armor: Scale mail        |    44 |    45 |   147 |    31 ||   267
Dodge: Dodged            |    28 |    30 |   152 |    10 ||   220
Block: Shield            |    51 |    47 |   237 |    28 ||   363
